 Dungeon Crawl Stone Soup version 0.31-a0-185-g9dded2c639 (webtiles) character file.

Game seed: 8047647576049197843

261 qw the Skirmisher (level 5, -6/30 HPs)
             Began as a Deep Elf Hunter on June 22, 2023.
             Killed from afar by Blork the orc (13 damage)
             ... with a puff of frost
             ... on level 4 of the Dungeon.
             The game lasted 00:00:57 (2251 turns).

qw the Skirmisher (Deep Elf Hunter)                 Turns: 2251, Time: 00:00:57

Health: -6/30      AC:  6    Str: 10    XL:     5   Next: 96%
Magic:  7/7        EV: 10    Int: 14    God:
Gold:   155        SH:  0    Dex: 13    Spells: 4/4 levels left

rFire   . . .        i - +0 shortbow (heavy)
rCold   . . .        (shield currently unavailable)
rNeg    . . .        f - +0 ring mail
rPois   +            (no helmet)
rElec   +            (no cloak)
rCorr   +            (no gloves)
SInv    .            l - +0 pair of boots
Will    .....        a - amulet "Nomomm" {Acrobat rElec Regen+ rCorr Dex-5}
Stlth   +            d - ring of poison resistance
HPRegen 1.05/turn    (no ring)
MPRegen 0.10/turn

%: acrobat
@: no status effects
A: no striking features
a: no special abilities


You were on level 4 of the Dungeon.
You visited 1 branch of the dungeon, and saw 4 of its levels.

You collected 155 gold pieces.


   Skills:
 - Level 2.0 Fighting
 + Level 9.3 Ranged Weapons
 - Level 2.4 Dodging
 - Level 1.2 Stealth


You had 4 spell levels left.
You didn't know any spells.
Your spell library was empty.

Inventory:

Hand Weapons
 i - a +0 heavy shortbow (weapon)
Armour
 f - a +0 ring mail (worn)
 l - a +0 pair of boots (worn)
Jewellery
 a - the amulet "Nomomm" (around neck) {Acrobat rElec Regen+ rCorr Dex-5}
   (You acquired it on level 1 of the Dungeon)

   [amulet of the acrobat]

   It increases your evasion while moving and waiting.
   Dex:       It affects your dexterity (-5).
   rElec:     It insulates you from electricity.
   Regen:     It increases your rate of health regeneration.
   rCorr:     It protects you from acid and corrosion.
 d - a ring of poison resistance (left hand)
 m - a ring of resist corrosion
Potions
 c - a potion of attraction {unknown}
 e - a potion of curing
 h - a potion of enlightenment {unknown}
 o - a potion of mutation {unknown}

Dungeon Overview and Level Annotations

Branches:
Dungeon (4/15)
 Temple: D:4-7

Altars:
Elyvilon

Annotations:
D:3 2 transporters
D:4 Blork the orc


Message History

Your Fighting skill increases to level 2!
You shoot an arrow. The orc shouts! x2
The arrow hits the orc.
The orc is severely wounded.
You hear an angry hiss.
The orc hits you with a +0 dagger. The ufetubus hits you.
The ufetubus closely misses you.
You hear a bark!
You shoot an arrow. The arrow hits the orc.
You kill the orc!
The ufetubus hits you. The ufetubus barely misses you.
The ufetubus hits you but does no damage.
The ufetubus misses you.
Blork the orc gestures at you while chanting.
The magic dart hits you.
You shoot an arrow. The arrow hits the ufetubus.
The ufetubus is heavily wounded.
The ufetubus hits you. The ufetubus barely misses you. x2
The ufetubus hits you.
An orc comes into view. It is wielding a +0 mace.
Blork the orc hits you from afar with a +0 trident.
The ufetubus hits you but does no damage.
The ufetubus closely misses you.
You shoot an arrow. The arrow hits the ufetubus!
You kill the ufetubus!
Blork the orc barely misses you. The iguana bites you.
Blork the orc hits you from afar with a +0 trident.
An orc comes into view. It is wielding a +0 hand axe.
You shoot an arrow. The arrow hits the iguana!
You kill the iguana!
The orc misses you.
Blork the orc hits you from afar with a +0 trident.
The orc misses you.
Blork the orc casts a spell.
Blork the orc seems to speed up.
You shoot an arrow. The arrow barely misses the orc.
Blork the orc casts a spell at you. The puff of frost hits you!
You die...

#..........
##..........
#...........
##...........
#...[........
##............ .
#............
...o###............
.)o.o.o@..........
###...o...........
#####o.........
#..........
#.........
##........ .......
.......


You could see Blork the orc (fast) and 5 orcs.

Vanquished Creatures
  A hound (D:3)
  An iguana (D:4)
  2 orc wizards (D:4)
  9 adders
  A gnoll (D:1)
  An ufetubus (D:4)
  A worm (D:3)
  3 dart slugs
  7 orcs
  6 ball pythons
  3 endoplasms
  3 giant cockroaches
  A goblin (D:3)
  3 hobgoblins
  2 quokkas
  4 bats
  5 kobolds
  6 rats
59 creatures vanquished.

Notes
Turn   | Place    | Note
-------+----------+-------------------------------------------
     0 | D:1      | qw the Deep Elf Hunter began the quest for the Orb.
     0 | D:1      | Reached XP level 1. HP: 12/12 MP: 3/3
     0 | D:1      | 0 ||| qw: Version: 0.3-a-9-g12657ce
     0 | D:1      | 0 ||| qw: Game counter: 1813
     0 | D:1      | 0 ||| qw: Always use a shield: true
     0 | D:1      | 0 ||| qw: God list: Okawaru
     0 | D:1      | 0 ||| qw: Allow faded altars: false
     0 | D:1      | 0 ||| qw: Do Orc after D:15 true
     0 | D:1      | 0 ||| qw: Do second Lair branch before Depths: true
     0 | D:1      | 0 ||| qw: Lair rune preference: random
     0 | D:1      | 0 ||| qw: Plans: Normal
     0 | D:1      | 0 ||| PLANNING D:1-11
   211 | D:1      | Reached skill level 6 in Ranged Weapons
   211 | D:1      | Reached XP level 2. HP: 16/16 MP: 4/4
   311 | D:1      | Found a faded altar of an unknown god.
   651 | D:1      | 651 ||| UPGRADING to +0 ring mail.
   661 | D:1      | 661 ||| DROPPING +0 leather armour.
   662 | D:1      | 662 ||| DROPPING scarf of shadows.
   663 | D:1      | 663 ||| UPGRADING to +0 pair of boots.
   668 | D:1      | 668 ||| UPGRADING to ring of poison resistance.
   669 | D:1      | 669 ||| UPGRADING to ring of resist corrosion.
   670 | D:1      | 670 ||| READING scroll labelled QIN JAILUONN.
   670 | D:1      | Identified a scroll of acquirement
   670 | D:1      | 670 ||| ACQUIRING amulet "Nomomm" {Acrobat rElec Regen+
                  | rCorr Dex-5}
   670 | D:1      | Acquired the amulet "Nomomm" {Acrobat rElec Regen+ rCorr
                  | Dex-5}
   672 | D:1      | 672 ||| UPGRADING to amulet "Nomomm" {Acrobat rElec Regen+
                  | rCorr Dex-5}.
   677 | D:1      | 677 ||| REMOVING ring of resist corrosion.
   678 | D:1      | 678 ||| READING scroll labelled ZIYLAN JICEA.
   685 | D:1      | 685 ||| READING scroll labelled LIARING ANEA.
   686 | D:1      | 686 ||| READING scroll labelled OSMACI USEXT.
   687 | D:1      | 687 ||| DRINKING 2 red potions.
   688 | D:1      | 688 ||| DROPPING scroll of butterflies.
   803 | D:2      | Reached XP level 3. HP: 20/20 MP: 5/5
   958 | D:2      | Reached skill level 7 in Ranged Weapons
  1202 | D:2      | Reached XP level 4. HP: 25/25 MP: 6/6
  1386 | D:2      | 1386 ||| DROPPING ring of flight.
  1387 | D:2      | 1387 ||| READING scroll labelled SYIWAO ADGHU.
  1488 | D:2      | 1488 ||| READING scroll labelled ZEEGUEK SITSYE.
  1556 | D:3      | Found a white marble altar of Elyvilon.
  1728 | D:3      | Reached skill level 8 in Ranged Weapons
  1858 | D:3      | Reached XP level 5. HP: 29/29 MP: 7/7
  1948 | D:3      | Found a transporter.
  1954 | D:3      | Identified the +3 spear of Doom {venom, rC+ Dex+3}
  2019 | D:3      | Found a transporter.
  2189 | D:3      | 2189 ||| READING scroll labelled UPANUE ITYOM CAA.
  2190 | D:3      | 2190 ||| READING scroll labelled YSHOAB QUKU.
  2191 | D:3      | 2191 ||| DRINKING 2 lumpy golden potions.
  2192 | D:3      | 2192 ||| DROPPING potion of brilliance.
  2239 | D:4      | Reached skill level 9 in Ranged Weapons
  2244 | D:4      | Noticed Blork the orc
  2250 | D:4      | HP: 6/30 [Blork the orc/+0 trident (4)]
  2251 | D:4      | Killed from afar by Blork the orc

Levels and vault maps discovered:
D:1:      psy_arrival_spokes, layout_basic,
          hellmonk_ecumenical_altar_pennies_from_heaven, grunt_decor_arrowhead
D:2:      layout_loops_ring, patterned_corridor
D:3:      layout_loops_ring, elyvilon_altar_5, gammafunk_ghost_gnarly_gnolls
D:4:      layout_cave_pods, tso_oasis_becter, uniq_blork_the_orc

Skill      XL: |  1  2  3  4  5 |
---------------+----------------+-----
Ranged Weapons | 6 7 8 9 |  9.3
Fighting       | 2 |  2.0
Dodging        | |  2.4
Stealth        | |  1.2

Action                     |  1- 3 |  4- 6 || total
---------------------------+-------+-------++-------
   Fire: Shortbow          |   106 |   114 ||   220
    Use: Scroll            |     4 |     4 ||     8
         Potion            |     1 |     1 ||     2
 Armour: Leather armour    |     5 |       ||     5
         Ring mail         |    22 |    34 ||    56
  Dodge: Dodged            |    41 |    43 ||    84

Table legend:
 A = Non-vault XP
 B = Vault XP
 C = Vault XP percentage of total XP
 D = Non-vault monster count
 E = Vault monster count
 F = Vault count percentage of total count
                 A         B        C        D         E       F
            +---------+---------+-------+---------+---------+-------
      Total |     374 |       0 |   0.0 |      59 |       0 |   0.0
            +---------+---------+-------+---------+---------+-------
        D:1 |      36 |       0 |   0.0 |      15 |       0 |   0.0
        D:2 |      68 |       0 |   0.0 |      13 |       0 |   0.0
        D:3 |     136 |       0 |   0.0 |      22 |       0 |   0.0
        D:4 |     134 |       0 |   0.0 |       9 |       0 |   0.0
            +---------+---------+-------+---------+---------+-------
